 Dungeon Crawl Stone Soup version 0.32-a0-401-g0bcb2a7693 (webtiles) character file.

Game seed: 2466665198843783618

457 Kenran the Chopper (level 7, -4/50 HPs)
             Began as a Coglin Gladiator on Feb 20, 2024.
             Was a Follower of Okawaru.
             Slain by an ogre
             ... wielding a +0 giant club
              (23 damage)
             ... on level 4 of the Dungeon.
             The game lasted 00:05:42 (2503 turns).

Kenran the Chopper (Coglin Gladiator)               Turns: 2503, Time: 00:05:43

Health: -4/50      AC: 10    Str: 16    XL:     7   Next: 6%
Magic:  7/7        EV: 10    Int:  8    God:    Okawaru [*.....]
Gold:   267        SH:  0    Dex: 15    Spells: 6/6 levels left

rFire   . . .        a - +0 war axe {Kanchana}
rCold   . . .        q - +0 war axe {Yejun}
rNeg    . . .        o - +0 scale mail
rPois   .            c - +0 helmet
rElec   .            (no cloak)
rCorr   .            v - +0 pair of gloves
SInv    .            i - +1 pair of boots
Will    .....        (no amulet) Stlth
                     (no ring)
HPRegen 0.28/turn    (no ring)
MPRegen 0.10/turn

%: no passive effects
@: immotile, revving
A: off-hand wielding, slow wielding, warmup strikes, legs shutdown
a: Renounce Religion, Heroism


You were on level 4 of the Dungeon.
You worshipped Okawaru.
Okawaru was aware of your devotion.
You visited 1 branch of the dungeon, and saw 4 of its levels.

You collected 267 gold pieces.

Inventory:

Hand Weapons
 a - a +0 war axe (weapon) {Kanchana}
 q - a +0 war axe (worn) {Yejun}
Missiles
 d - 3 throwing nets (quivered)
 e - a javelin
Armour
 c - a +0 helmet (worn)
 i - a +1 pair of boots (worn)
 o - a +0 scale mail (worn)
 v - a +0 pair of gloves (worn)
Scrolls
 f - a scroll of noise {unknown}
 g - a scroll of poison {!r}
 j - a scroll of fear
 l - 2 scrolls of immolation {!r}
 n - 2 scrolls of teleportation
 s - a scroll of revelation
 w - a scroll of fog
Potions
 b - a potion of curing {unknown}
 k - a potion of lignification {unknown}
 p - a potion of degeneration {unknown}
 r - a potion of heal wounds {@q2}
 t - a potion of mutation {unknown}
 u - a potion of haste {unknown}


   Skills:
 - Level 2.0 Fighting
 + Level 7.8 Axes
 - Level 1.7 Throwing
 - Level 2.6 Dodging


You had 6 spell levels left.
You didn't know any spells.
Your spell library was empty.

Dungeon Overview and Level Annotations

Branches:
Dungeon (4/15)
 Temple: D:4-7

Altars:
Nemelex Xobeh
Okawaru
Yredelemnul
Zin
The Shining One

Shops:
D:2 =

Annotations:
D:4 3 runed translucent doors, Drangen's ghost, amateur GrEE


Innate Abilities, Weirdness & Mutations

You can wield a second weapon in your off-hand.
It takes a long time for you to wield or remove held weapons.
Your first few attacks do less damage.
Attacking and casting redirects power from your legs.


Message History

You kill the quokka!
Okawaru accepts your kill.
No target in view!
You are no longer unable to travel.
An endoplasm comes into view.
The endoplasm quivers.
An endoplasm is nearby!
The endoplasm freezes you.
You are frozen.
You slash the endoplasm with your +0 war axe!
You kill the endoplasm!
Okawaru accepts your kill.
No target in view!
No target in view!
You are no longer unable to travel.
You now have 267 gold pieces (gained 10).
You open the door.
A dart slug comes into view.
There is an open door here.
The dart slug launches a dart at you.
The slug dart hits you but does no damage.
You slash the dart slug with your +0 war axe!
The dart slug is almost dead.
You hit the dart slug with your +0 war axe.
You kill the dart slug!
Okawaru accepts your kill.
No target in view!
You are no longer unable to travel.
You open the door.
An ogre and an iguana come into view.
The ogre shouts!
The iguana hisses angrily.
There is an open door here.
The ogre hits you with a +0 giant club!!
Ouch! That really hurt!
You are too injured to fight recklessly!
You slash the ogre with your +0 war axe!
The ogre is moderately wounded.
You hit the ogre with your +0 war axe.
The ogre hits you with a +0 giant club!!
You die...

#≈≈≈≈≈≈.≈≈≈≈≈≈#.#
#≈...........≈#.#
#≈...........≈#.#
#≈..♣░░░░░♣..≈#.#
#≈.. ░..≈#.# #≈.
░..≈#.# +.
░...'.# ░..≈#.#
░..≈#@# ♣..≈#O#
....≈#l#
.....≈#.#
.≈≈≈≈≈≈#.#
+#######.# ..#
###


You could see an ogre and an iguana.

Vanquished Creatures
  A black bear (D:4)
  3 orc priests
  2 iguanas (D:4)
  2 orc wizards
  Robin (D:3)
  3 adders
  A dart slug (D:4)
  2 ribbon worms
  9 orcs
  2 bats
  6 endoplasms
  2 giant cockroaches
  15 goblins
  4 hobgoblins
  7 jackals
  2 kobolds
  2 quokkas
  6 ball pythons
  A frilled lizard (D:2)
  A rat (D:3)
72 creatures vanquished.

Notes
Turn   | Place    | Note
-------+----------+-------------------------------------------
     0 | D:1      | Kenran the Coglin Gladiator began the quest for the Orb.
     0 | D:1      | Reached XP level 1. HP: 16/16 MP: 1/1
   140 | D:1      | Reached XP level 2. HP: 15/22 MP: 2/2
   508 | D:1      | Found a faded altar of an unknown god.
   712 | D:1      | You fall into a shaft and drop 1 floor!
   802 | D:2      | Reached skill level 4 in Axes
   892 | D:2      | Reached XP level 3. HP: 26/27 MP: 3/3
  1020 | D:2      | Reached skill level 5 in Axes
  1020 | D:2      | Reached XP level 4. HP: 32/33 MP: 4/4
  1104 | D:2      | Found Beconn's Jewellery Shoppe.
  1330 | D:3      | Reached XP level 5. HP: 30/38 MP: 5/5
  1586 | D:3      | Found a glowing silver altar of Zin.
  1586 | D:3      | Found a basalt altar of Yredelemnul.
  1598 | D:3      | Found an iron altar of Okawaru.
  1600 | D:3      | Found a sparkling altar of Nemelex Xobeh.
  1602 | D:3      | Found a glowing golden altar of the Shining One.
  1607 | D:3      | Became a worshipper of Warmaster Okawaru
  1683 | D:3      | Noticed Robin
  1689 | D:3      | Reached skill level 6 in Axes
  1694 | D:3      | Killed Robin
  2168 | D:4      | Noticed a black bear
  2200 | D:4      | Reached XP level 6. HP: 15/44 MP: 6/6
  2205 | D:4      | Killed a black bear
  2206 | D:4      | Reached skill level 7 in Axes
  2232 | D:4      | Reached * piety under Okawaru
  2256 | D:4      | Found a runed translucent gate.
  2256 | D:4      | Found a runed translucent gate.
  2257 | D:4      | Found a runed translucent gate.
  2258 | D:4      | Noticed Drangen's ghost (amateur GrEE)
  2279 | D:4      | Reached XP level 7. HP: 49/50 MP: 7/7
  2503 | D:4      | Slain by an ogre

Illustrated notes

Levels and vault maps discovered:
D:1:      tekkud_arrival_beachfront_property, layout_basic,
          basic_ecumenical_altar, kennysheep_boxes
D:2:      layout_rooms, serial_shops, shop
D:3:      kennysheep_goblin_castle, layout_loops_ring,
          chequers_temple_overflow_minitemple, minmay_crystal_room,
          corexii_hall_statues_x, nicolae_figureground_pulse
D:4:      layout_basic, ebering_ghost_rock_garden, serial_glass,
          glass_columns_a, glass_columns_c, glass_columns_b, glass_columns_a,
          kennysheep_path_1

Skill      XL: |  1  2  3  4  5  6 |
---------------+-------------------+-----
Axes           | 4 5 6 7 |  7.8
Fighting       | |  2.0
Throwing       | |  1.7
Dodging        | |  2.6

Action                     |  1- 3 |  4- 6 |  7- 9 || total
---------------------------+-------+-------+-------++-------
  Melee: War axe           |    44 |   195 |    16 ||   255
         Hand axe          |     6 |       |       ||     6
    Use: Scroll            |       |     8 |     1 ||     9
         Potion            |       |     1 |       ||     1
   Stab: Sleeping          |     2 |       |       ||     2
 Armour: Leather armour    |    14 |       |       ||    14
         Ring mail         |    15 |    80 |       ||    95
         Scale mail        |       |       |     6 ||     6
  Dodge: Dodged            |    23 |    53 |     3 ||    79

Table legend: (Time is in decaauts)
 A = Elapsed time spent in this place.
 B = Non-inter-level travel time spent in this place.
 C = Inter-level travel time spent in this place.
 D = Time resting spent in this place.
 E = Time spent auto-exploring this place.
 F = Levels seen in this place.
 G = Mean time per level.
                   A        B        C        D        E       F      G
               +--------+--------+--------+--------+--------+-----+--------+
         Total |   2536 |   2484 |     52 |     97 |   1718 |   4 |  634.0 |
       Dungeon |   2536 |   2484 |     52 |     97 |   1718 |   4 |  634.0 |
               +--------+--------+--------+--------+--------+-----+--------+

Top non-repeatable levels by time:
     D:3: 876 daAuts
     D:1: 719 daAuts
     D:2: 499 daAuts
     D:4: 440 daAuts
